 Dungeon Crawl Stone Soup version 0.27.0 (webtiles) character file.

Game seed: 15165333105917792064

226 xormask the Sneak (level 6, -2/50 HPs)
             Began as a Formicid Delver on July 31, 2021.
             Was an Initiate of Dithmenos.
             Succumbed to a scorpion's poison
             ... on level 6 of the Dungeon.
             The game lasted 00:07:01 (1156 turns).

xormask the Sneak (Formicid Delver)                 Turns: 1156, Time: 00:07:01

Health: -2/50      AC:  9    Str: 18    XL:     6   Next: 22%
Magic:  15/15      EV: 12    Int: 10    God:    Dithmenos [......]
Gold:   27         SH:  0    Dex: 12    Spells: 5/5 levels left

rFire    + . .     SeeInvis +   a - +0 hand axe
rCold    . . .     Faith    .   (no shield)
rNeg     . . .     Spirit   .   m - +0 leather armour {rF+}
rPois    .         Reflect  .   (helmet unavailable)
rElec    .         Harm     .   (no cloak)
rCorr    .         Rampage  .   (no gloves)
Will     .....                  l - +1 pair of boots
Stlth    +++.......             (no amulet)
HPRegen  0.16/turn              g - ring of magical power
MPRegen  0.14/turn              h - +4 ring of protection

@: lethally poisoned (-2 -> -16)
A: permanent stasis, dig shafts and tunnels, antennae 3, four strong arms
a: Dig, Shaft Self, Renounce Religion


You were on level 6 of the Dungeon.
You worshipped Dithmenos.
Dithmenos was noncommittal.
You visited 1 branch of the dungeon, and saw 3 of its levels.

You collected 27 gold pieces.

Inventory:

Hand Weapons
 a - a +0 hand axe (weapon)
Missiles
 j - 6 atropa-tipped darts
Armour
 l - a +1 pair of boots (worn)
 m - a +0 leather armour of fire resistance (worn)
Jewellery
 g - a ring of magical power (left hand)
 h - a +4 ring of protection (right hand)
Wands
 b - a wand of flame (7)
 f - a wand of digging (3)
Scrolls
 c - a scroll of fog
 d - a scroll of magic mapping
 e - a scroll of fear
 i - a scroll of enchant armour {unknown}
 k - a scroll of holy word {unknown}


   Skills:
 * Level 4.9 Fighting
 * Level 3.8 Axes
 + Level 2.1 Armour
 + Level 2.7 Dodging
 - Level 6.0 Stealth


You had 5 spell levels left.
You didn't know any spells.
Your spell library contained the following spells:

 Spells                   Type           Power      Damage    Failure   Level
 Summon Small Mammal      Summ           0%         N/A       41%         1
 Call Canine Familiar     Summ           0%         N/A       80%         3
 Summon Guardian Golem    Hex/Summ       0%         N/A       80%         3


Dungeon Overview and Level Annotations

Branches:
Dungeon (5/15)
 Temple: D:4-7

Altars:
Dithmenos


Innate Abilities, Weirdness & Mutations

You cannot be hasted, slowed, berserked, paralysed or teleported.
You can dig through walls and to a lower floor.
You have a pair of large antennae on your head. (SInv)
Your four strong arms can wield two-handed weapons with a shield.


Message History

The scorpion barely misses you. x2
You barely miss the scorpion.
The scorpion is moderately wounded.
You feel very sick. The scorpion closely misses you.
Okay, then.
Aiming: Throw Flame
Press: ? - help, Shift-Dir - straight line, f - scorpion
Aim: a scorpion (moderately wounded, 68% to hit)
The puff of flame hits the scorpion!
The scorpion is severely wounded.
You feel sick. The scorpion closely misses you.
Aiming: Throw Flame
Press: ? - help, Shift-Dir - straight line, f/p - scorpion
Aim: a scorpion (severely wounded, 68% to hit)
The puff of flame hits the scorpion but does no damage.
The scorpion is severely wounded.
You feel sick. The scorpion stings you.
* * * LOW HITPOINT WARNING * * *
Aiming: Throw Flame
Press: ? - help, Shift-Dir - straight line, f/p - scorpion
Aim: a scorpion (severely wounded, 68% to hit)
The puff of flame misses the scorpion.
You feel sick. The scorpion stings you.
* * * LOW HITPOINT WARNING * * *
The scorpion stings you.
* * * LOW HITPOINT WARNING * * *
You are lethally poisoned!
The scorpion poisons you!
Aiming: Throw Flame
Press: ? - help, Shift-Dir - straight line, f/p - scorpion
Aim: a scorpion (severely wounded, 68% to hit)
The puff of flame hits the scorpion.
The scorpion is almost dead.
* * * LOW HITPOINT WARNING * * *
You feel very sick. The scorpion closely misses you.
You aren't carrying any potions.
You barely miss the scorpion.
The scorpion is almost dead.
You die...

...######
...s....# #s#
##############
#@#
#.............
#.#
#.############
#.# #.#
#.###.#
#.....#
#######


You could see a scorpion.

Vanquished Creatures
  A phantom (D:6)
  A water moccasin zombie (D:6)
  A hound (D:5)
  A centaur skeleton (D:6)
  An iguana (D:6)
  2 orcs (D:6)
  A giant cockroach (D:4)
  A goblin (D:4)
  A hobgoblin (D:4)
  A quokka (D:5)
11 creatures vanquished.

Notes
Turn   | Place    | Note
-------+----------+-------------------------------------------
     0 | D:5      | xormask the Formicid Delver began the quest for the Orb.
     0 | D:5      | Reached XP level 1. HP: 18/18 MP: 1/1
    19 | D:5      | Noticed a necrophage
    94 | D:5      | Found a shadowy altar of Dithmenos.
    97 | D:5      | Became a worshipper of Dithmenos the Shadowed
   136 | D:5      | Noticed a hound
   155 | D:5      | Killed a hound
   156 | D:5      | Reached skill level 1 in Armour
   156 | D:5      | Reached XP level 2. HP: 13/25 MP: 2/2
   156 | D:5      | Reached XP level 3. HP: 15/30 MP: 3/3
   615 | D:4      | Noticed a scorpion
   634 | D:4      | Noticed an ogre
   639 | D:4      | You fall into a shaft and drop 2 floors!
   720 | D:6      | Noticed a sky beast
   800 | D:6      | Reached XP level 4. HP: 25/37 MP: 4/4
   870 | D:6      | Noticed a phantom
   889 | D:6      | Killed a phantom
   890 | D:6      | Reached XP level 5. HP: 25/43 MP: 5/5
  1010 | D:6      | Reached XP level 6. HP: 46/50 MP: 6/6
  1155 | D:6      | HP: 2/50 [poisoned by a scorpion]
  1156 | D:6      | Succumbed to a scorpion's poison

Illustrated notes

Levels and vault maps discovered:
D:4:      layout_rooms, minmay_temple_entry_crystal_x
D:5:      layout_layer_cave, chequers_temple_overflow_minitemple,
          kennysheep_mini, serial_shops, shop_statue, uniq_blork_the_orc
D:6:      layout_loops_ring, nemelex_diamond_rough_becter, tso_metal_star,
          wad_rectangle_vault

Skill      XL: |  1  2  3  4  5 |
---------------+----------------+-----
Armour         | 1 2 |  2.1
Dodging        | 2 |  2.7
Fighting       | 4 |  4.9
Axes           | 3 |  3.8
Stealth        | |  6.0

Action                   |  1- 3 |  4- 6 || total
-------------------------+-------+-------++-------
Melee: Hand axe          |    53 |    49 ||   102
 Abil: Dig               |     6 |       ||     6
       Shaft Self        |     1 |       ||     1
Evoke: Wand              |       |    10 ||    10
 Stab: Sleeping          |     1 |       ||     1
       Distracted        |       |     1 ||     1
Armor: Leather armour    |    29 |    17 ||    46
Dodge: Dodged            |    49 |    42 ||    91
